 Dungeon Crawl Stone Soup version 0.17-a0-1164-g0ba867e (webtiles) character file.

10166 Hanyuu the Martial Artist (level 11, 0/72 HPs)
             Began as an Octopode Transmuter on May 28, 2015.
             Was a Priest of Makhleb.
             Slain by a wraith (7 damage)
             ... led by Josephine
             ... on level 11 of the Dungeon on May 29, 2015.
             The game lasted 00:49:48 (13230 turns).

Hanyuu the Martial Artist (Octopode Transmuter)    Turns: 13230, Time: 00:49:48

Health: 0/72       AC:  2    Str: 10    XL:     11   Next: 57%
Magic:  17/17      EV: 14    Int: 20    God:    Makhleb [***...]
Gold:   374        SH:  0    Dex: 13    Spells: 5 memorised, 3 levels left

rFire  + . .     SeeInvis +       - Unarmed
rCold  + . .     Clarity  .     (no shield)
rNeg   + . .     SustAt   .     i - +1 hat
rPois  +         Gourm    .     u - amulet of warding
rElec  +         Spirit   .     y - +2 ring of intelligence
rCorr  +         Warding  +     h - ring of wizardry
rMut   .         Stasis   .     J - ring of see invisible
MR     .....                    (no ring)
Stlth  ++........               (no ring)
                                (no ring)
                                (no ring)
                                (no ring)

@: resistant, not resistant to hostile enchantments, unstealthy
A: almost no armour, amphibious, 8 rings, constrict 8, camouflage 1, gelatinous
body 1
a: Minor Destruction, Lesser Servant of Makhleb, Renounce Religion


You were on level 11 of the Dungeon.
You worshipped Makhleb.
Makhleb was most pleased with you.
You were not hungry.

You visited 2 branches of the dungeon, and saw 12 of its levels.

You collected 482 gold pieces.
You spent 108 gold pieces at shops.

Inventory:

Hand weapons
 b - a +1 blowgun
Missiles
 c - 239 arrows
 s - 2 throwing nets
 w - 70 poisoned needles
 z - 22 tomahawks (quivered)
 F - 3 steel tomahawks
 K - 8 curare-tipped needles
 L - 6 javelins
Armour
 i - a +1 hat (worn)
Jewellery
 h - a ring of wizardry (right tentacle)
 j - an uncursed ring of teleportation
 u - an amulet of warding (around mantle)
 y - a +2 ring of intelligence (left tentacle)
 J - a ring of see invisible (on tentacle)
Magical devices
 g - a wand of fire (6)
 C - a wand of digging (14)
 G - a wand of confusion (19)
Scrolls
 d - 4 scrolls of remove curse
 o - 5 scrolls of fear
 p - a scroll of immolation
 H - a scroll of magic mapping
 M - 3 scrolls of identify
Potions
 e - 3 potions of brilliance
 l - 3 potions of haste
 n - a potion of curing
 q - a potion of invisibility
 r - a potion of magic
 t - a potion of ambrosia
 x - 2 potions of flight
 B - a potion of cure mutation
 D - 2 potions of lignification
Books
 A - a book of Changes

   Spells                             Type                      Level
   a - Beastly Appendage              Transmutation                1
   b - Sticks to Snakes               Transmutation                2
   c - Spider Form                    Transmutation/Poison         3
   d - Ice Form                       Ice/Transmutation            4
   e - Blade Hands                    Transmutation                5
Miscellaneous
 N - a phantom mirror
Comestibles
 a - 5 bread rations
 f - 5 fruits
 m - a meat ration
 E - a slice of pizza


   Skills:
 - Level 6.2 Fighting
 - Level 2.0 Throwing
 + Level 5.3 Dodging
 * Level 13.2 Unarmed Combat
 - Level 4.2 Spellcasting
 + Level 7.5 Transmutations
 - Level 1.1 Ice Magic
 - Level 2.0 Invocations


You had 3 spell levels left.
You knew the following spells:

 Your Spells              Type           Power        Failure   Level  Hunger
a - Beastly Appendage     Trmt           ####..       1%          1    None
b - Sticks to Snakes      Trmt           ####......   1%          2    #......
c - Spider Form           Trmt/Pois      ###.......   4%          3    ###....
d - Ice Form              Ice/Trmt       ###.....     10%         4    ####...
e - Blade Hands           Trmt           ####......   7%          5    ######.


Dungeon Overview and Level Annotations

Branches:
Dungeon (11/15)            Temple (1/1) D:6             Orc (0/4) D:9
   Lair: D:8-11

Altars:
Ashenzari
Cheibriados
Dithmenos
Elyvilon
Fedhas
Gozag
Kikubaaqudgha
Makhleb
Nemelex Xobeh
Okawaru
Qazlal
Ru
Sif Muna
Trog
Vehumet
Xom
Yredelemnul
Zin
The Shining One
Beogh

Shops:
D:4 [

Portals:
Trove: D:10 (give 6 potions of haste)


Innate Abilities, Weirdness & Mutations

You cannot wear most types of armour.
You are amphibious.
You can wear up to eight rings at the same time.
You can use your tentacles to constrict eight enemies at once.
Your skin changes colour to match your surroundings (Stealth).
Your rubbery body absorbs attacks (AC +1).


Message History

The centaur shoots an arrow.
The arrow completely misses you. The wraith closely misses you.
The wraith misses you.
You bite the troll!
The troll is heavily wounded.
Your transformation has ended.
Your +1 hat unmelds from your body.
You feel sick. The wraith hits you. The wraith barely misses you.
The troll bites you! The troll claws you! The troll closely misses you.
As you open the door, it creaks loudly!
You feel very sick. The wraith hits you!
* * * LOW HITPOINT WARNING * * *
The wraith hits you!
* * * LOW HITPOINT WARNING * * *
The troll bites you.
* * * LOW HITPOINT WARNING * * *
The troll barely misses you. The troll closely misses you.
Drink which item? (? for menu, Esc to quit)
You feel better. The wraith barely misses you. The wraith hits you!
You die...

#......#..#..#
#...###### +...#
#...### . ####..#
... +.....#
...(#+##.....#
......W#'##'#####
.....cT@....(...#
......W.........+
....#+#.........#
+## #.........#
#...#+##+## +...+
#...# ..### ...


You could see a troll, 2 wraiths and a centaur.

Vanquished Creatures
  Erolcha (D:8)
  Josephine (D:11)
  Harold (D:10)
  Erica (D:8)
  A hill giant (D:10)
  Pikel (D:7)
  Joseph (D:7)
  A centaur zombie (D:10)
  A two-headed ogre (D:10)
  Prince Ribbit (D:9)
  Sigmund (D:2)
  2 wraiths (D:11)
  A wyvern (D:9)
  3 yaks (D:10)
  Eustachio (D:6)
  A hippogriff (D:7)
  Menkaure (D:6)
  A water moccasin (D:10)
  Edmund (D:6)
  A sky beast (D:9)
  An orc warrior (D:8)
  2 slaves (D:7)
  2 wasps
  4 centaurs
  7 ogres
  The ghost of Hanyuu the Insei, an average OpTm (D:3)
  8 giant frogs
  A gnoll sergeant (D:7)
  4 killer bees (D:8)
  2 scorpions
  2 jellies
  5 wights (D:8)
  3 crimson imps
  3 hounds
  A giant frog zombie (D:5)
  6 orc priests
  2 centaur skeletons
  10 orc wizards
  An iguana (D:9)
  A gnoll shaman (D:8)
  2 worker ants
  3 hound skeletons
  10 adders
  A worker ant zombie (D:9)
  14 gnolls
  A shadow imp (D:7)
  An adder zombie (D:5)
  An ooze (D:3)
  3 worms
  2 adder skeletons
  3 giant geckos
  41 orcs
  A ball python (D:5)
  12 bats
  A bat zombie (D:7)
  9 giant cockroaches
  13 goblins
  10 hobgoblins
  3 jackals
  18 kobolds
  7 quokkas
  A giant gecko zombie (D:7)
  3 giant newts
  A jackal zombie (D:5)
  A quokka zombie (D:5)
  8 rats
259 creatures vanquished.

Vanquished Creatures (others)
  A slave (D:7)
  A centaur zombie (D:7)
  A gnoll (D:7)
  An orc (D:4)
4 creatures vanquished.

Grand Total: 263 creatures vanquished

Notes
Turn   | Place    | Note
--------------------------------------------------------------
     0 | D:1      | Hanyuu the Octopode Transmuter began the quest for the Orb.
     0 | D:1      | Reached XP level 1. HP: 13/13 MP: 3/3
   193 | D:1      | Reached XP level 2. HP: 5/18 MP: 5/5
   921 | D:2      | Reached skill level 4 in Unarmed Combat
   956 | D:2      | Reached XP level 3. HP: 17/23 MP: 4/6
   960 | D:2      | Learned a level 2 spell: Sticks to Snakes
   964 | D:2      | Learned a level 3 spell: Spider Form
  1326 | D:2      | Noticed Sigmund
  1339 | D:2      | Killed Sigmund
  1339 | D:2      | Reached skill level 5 in Unarmed Combat
  1339 | D:2      | Reached XP level 4. HP: 9/29 MP: 4/7
  1339 | D:2      | Reached XP level 5. HP: 10/34 MP: 4/8
  1539 | D:2      | Found a sacrificial altar of Ru.
  1671 | D:2      | Found a sacrificial altar of Ru.
  2073 | D:2      | Reached XP level 6. HP: 39/39 MP: 9/9
  2147 | D:3      | Noticed Hanyuu's ghost (average OpTm)
  2190 | D:3      | Killed Hanyuu's ghost
  2826 | D:3      | Reached skill level 6 in Unarmed Combat
  3803 | D:4      | Found a deep blue altar of Sif Muna.
  3824 | D:4      | Reached XP level 7. HP: 10/45 MP: 10/10
  3845 | D:3      | Reached skill level 1 in Throwing
  4308 | D:4      | Found Cumnahiu's Antique Armour Boutique.
  4318 | D:4      | Bought a hat for 108 gold pieces
  4743 | D:5      | Entered Level 5 of the Dungeon
  4820 | D:5      | Found a blossoming altar of Fedhas.
  5017 | D:5      | Reached skill level 7 in Unarmed Combat
  5110 | D:5      | Reached XP level 8. HP: 50/52 MP: 11/11
  5304 | D:5      | Found a stormy altar of Qazlal.
  5304 | D:5      | Found a sparkling altar of Nemelex Xobeh.
  5424 | D:5      | You fall through a shaft!
  5740 | D:6      | Noticed Menkaure
  5752 | D:6      | Killed Menkaure
  5915 | D:6      | Learned a level 4 spell: Ice Form
  6074 | D:6      | Found a staircase to the Ecumenical Temple.
  6074 | D:6      | Noticed Edmund
  6112 | D:6      | Killed Edmund
  6112 | D:6      | Reached skill level 8 in Unarmed Combat
  6206 | Temple   | Entered the Ecumenical Temple
  6552 | D:6      | Noticed Eustachio
  6569 | D:6      | Killed Eustachio
  6694 | D:6      | Found a radiant altar of Vehumet.
  6695 | D:6      | Found a burning altar of Makhleb.
  6706 | D:6      | Became a worshipper of Makhleb the Destroyer
  6846 | D:6      | Found a shattered altar of Ashenzari.
  6857 | D:6      | Found a glowing golden altar of the Shining One.
  6972 | D:7      | Noticed Joseph
  7019 | D:7      | Killed Joseph
  7019 | D:7      | Reached skill level 9 in Unarmed Combat
  7019 | D:7      | Reached XP level 9. HP: 21/59 MP: 9/14
  7746 | D:7      | Noticed Pikel
  7771 | D:7      | Killed Pikel
  7805 | D:7      | Reached skill level 10 in Unarmed Combat
  7844 | D:7      | Reached skill level 1 in Ice Magic
  8212 | D:7      | Acquired Makhleb's first power
  8760 | D:7      | Found a shimmering altar of Xom.
  8763 | D:7      | Found an iron altar of Okawaru.
  8766 | D:7      | Found an ancient bone altar of Kikubaaqudgha.
  9031 | D:8      | Noticed Erica
  9048 | D:8      | Killed Erica
  9048 | D:8      | Reached skill level 5 in Fighting
  9048 | D:8      | Reached skill level 11 in Unarmed Combat
  9048 | D:8      | Reached skill level 5 in Transmutations
  9048 | D:8      | Reached XP level 10. HP: 18/66 MP: 13/16
  9335 | D:8      | Learned a level 5 spell: Blade Hands
  9335 | D:8      | Noticed Erolcha
  9339 | D:8      | Paralysed by Erolcha for 4 turns
  9359 | D:8      | Killed Erolcha
  9979 | D:8      | Reached skill level 5 in Dodging
 10065 | D:8      | Got a crystal spear
 10066 | D:8      | Identified the +7 spear of Ukhaneig {freeze, *Drain +Rage MP+9 Dex+4} (You found it on level 8 of the Dungeon)
 10094 | D:8      | Acquired Makhleb's second power
 10283 | D:8      | Reached skill level 1 in Invocations
 10732 | D:9      | Reached skill level 12 in Unarmed Combat
 10798 | D:9      | Found a staircase to the Orcish Mines.
 10825 | D:9      | Found a roughly hewn altar of Beogh.
 11128 | D:9      | Noticed Prince Ribbit
 11381 | D:9      | Acquired Makhleb's third power
 11505 | D:9      | You fall through a shaft!
 11505 | D:10     | Entered Level 10 of the Dungeon
 11677 | D:9      | Killed Prince Ribbit
 11677 | D:9      | Reached XP level 11. HP: 62/72 MP: 11/17
 12003 | D:10     | Found a portal to a secret trove of treasure.
 12331 | D:10     | Noticed Harold
 12350 | D:10     | Killed Harold
 12840 | D:10     | Noticed a hill giant
 12859 | D:10     | Killed a hill giant
 13197 | D:11     | Reached skill level 13 in Unarmed Combat
 13198 | D:11     | Noticed Josephine
 13227 | D:11     | Killed Josephine
 13229 | D:11     | HP: 1/72 [troll (3)]
 13230 | D:11     | Slain by a wraith

Vault maps used:
D:1:      dpeg_arrival_boxes_within_box
D:2:      nicolae_ru_great_annihilating_truth, lemuel_statue_altar, uniq_sigmund
D:3:      kennysheep_big_flooded_room, first_bread
D:4:      nicolae_overflow_hidden_temple, serial_shops, shop,
          lemuel_old_faithful
D:5:      gammafunk_temple_overflow_elements, fedhas_altar_2
D:6:      grunt_temple_overflow_lords_of_destruction,
          amethyst_overflow_temple_binary, minmay_temple_entry_statues,
          uniq_menkaure, uniq_eustachio, uniq_edmund
D:7:      nicolae_whirlpool, grunt_temple_overflow_diamond, uniq_joseph,
          uniq_pikel
D:8:      uniq_erica, uniq_erolcha
D:9:      minmay_orc_entry_temple_small, uniq_prince_ribbit1
D:10:     nicolae_trove_entry_free_sample, uniq_harold
D:11:     dpeg_lair_monsters, grunt_pizzeria, uniq_josephine
Temple:   nicolae_temple_great_sept

Action                   |  1- 3 |  4- 6 |  7- 9 | 10-12 || total
-------------------------+-------+-------+-------+-------++-------
Melee: Unarmed           |    65 |   146 |   211 |   265 ||   687
 Fire: Blowgun           |       |     1 |    75 |    43 ||   119
 Cast: Beastly Appendage |     6 |     7 |     3 |     3 ||    19
       Spider Form       |     1 |     5 |    16 |    19 ||    41
       Blade Hands       |       |       |       |     3 ||     3
  Use: Scroll            |       |     1 |    19 |     3 ||    23
       Potion            |       |       |     1 |     4 ||     5
 Stab: Invisible         |       |     1 |       |       ||     1
       Paralysed         |       |     1 |       |       ||     1
       Sleeping          |       |     4 |    16 |    16 ||    36
  Eat: Chunk             |     2 |     7 |    14 |    13 ||    36
       Royal jelly       |       |     1 |       |       ||     1
       Fruit             |       |       |     2 |     3 ||     5
       Beef jerky        |       |       |     1 |       ||     1
